 Dungeon Crawl Stone Soup version 0.30-a0-475-g03497ec522 (webtiles) character file.

Game seed: 4070603481599794870

137 IdlyInterested the Slasher (level 5, 0/38 HPs)
             Began as a Demonspawn Gladiator on Dec 20, 2022.
             Slain by an orc
             ... wielding a +0 club
              (4 damage)
             ... on level 3 of the Dungeon.
             The game lasted 00:05:15 (1994 turns).

IdlyInterested the Slasher (Demonspawn Gladiator)   Turns: 1994, Time: 00:05:15

Health: 0/38       AC:  8    Str: 15    XL:     5   Next: 0%
Magic:  5/5        EV: 10    Int:  9    God:
Gold:   133        SH:  0    Dex: 16    Spells: 4/4 levels left

rFire   . . .      SeeInvis .    a - +0 long sword
rCold   . . .      Faith    .    (no shield)
rNeg    . . .      Spirit   .    k - +0 scale mail
rPois   .          Reflect  .    (helmet restricted)
rElec   .          Harm     .    (no cloak)
rCorr   .          Rampage  .    (no gloves)
Will    .....                    f - +1 pair of boots
Stlth   +.........               (no amulet)
HPRegen 0.26/turn                (no ring)
MPRegen 0.09/turn                (no ring)

@: no status effects
A: antennae 1
a: no special abilities


You were on level 3 of the Dungeon.
You visited 1 branch of the dungeon, and saw 3 of its levels.

You collected 133 gold pieces.

Inventory:

Hand Weapons
 a - a +0 long sword (weapon)
 o - a +0 rapier
Missiles
 c - 4 poisoned darts (quivered)
 d - 3 throwing nets
 e - a javelin
 m - 9 stones
Armour
 b - a +0 leather armour
 f - a +1 pair of boots (worn)
 k - a +0 scale mail (worn)
Scrolls
 g - 2 scrolls of immolation
 h - a scroll of fear
 j - a scroll of fog {unknown}
 l - a scroll of enchant armour
 q - a scroll of teleportation
 r - a scroll of blinking {unknown}
Potions
 i - a potion of heal wounds
 n - 2 potions of flight
 p - a potion of mutation


   Skills:
 - Level 2.0 Fighting
 + Level 4.7 Long Blades
 - Level 2.0 Throwing
 - Level 1.0 Armour
 - Level 2.6 Dodging
 * Level 1.2 Stealth


You had 4 spell levels left.
You didn't know any spells.
Your spell library contained the following spells:

 Spells                   Type           Power      Damage    Failure   Level
 Stone Arrow              Conj/Erth      0%         3d7       99%         3
 Animate Armour           Summ/Erth      0%         N/A       100%        4
 Lehudib's Crystal Spear  Conj/Erth      0%         10d2      100%        8


Dungeon Overview and Level Annotations

Branches:
Dungeon (3/15)

Altars:


Innate Abilities, Weirdness & Mutations

You have a pair of small antennae on your head.


Message History

The orc priest misses you. The orc hits you but does no damage.
The orc misses you. The orc hits you but does no damage.
You hit the orc priest but do no damage.
The orc priest is almost dead.
The orc priest hits you but does no damage.
The orc closely misses you. x2; The orc misses you.
You barely miss the orc priest.
The orc priest is almost dead.
The orc priest hits you but does no damage.
The orc misses you. The orc hits you but does no damage.
The orc closely misses you. The orc hits you but does no damage. x2
The orc closely misses you.
The orc priest invokes the aid of Beogh against you.
Beogh smites you!
You hit the orc priest but do no damage.
The orc priest is almost dead.
The orc priest hits you but does no damage.
The orc closely misses you. The orc hits you with a +0 club.
The orc barely misses you.
You hit the orc priest but do no damage.
The orc priest is almost dead.
The orc priest hits you with a +0 club. The orc closely misses you.
The orc misses you. The orc barely misses you.
You hit the orc priest but do no damage.
The orc priest is almost dead.
The orc priest hits you with a +0 club.
* * * LOW HITPOINT WARNING * * *
The orc closely misses you. The orc hits you with a +0 short sword.
* * * LOW HITPOINT WARNING * * *
The orc completely misses you.
You barely miss the orc priest.
The orc priest is almost dead.
The orc priest hits you but does no damage.
The orc barely misses you. The orc hits you but does no damage. x2
You hit the orc priest but do no damage.
The orc priest is almost dead.
The orc priest hits you with a +0 club.
* * * LOW HITPOINT WARNING * * *
The orc hits you with a +0 club.
You die...

......... # .......#.# .
..#........ ##.
.......## ..### ..
........# ...##.##
#.........####..#..#####
##.....##......<........
.....#######..ooo##..
.....# #.#@#.# .#.#.#
#.#oo...... .... ..
#.###...... .. #. . #.
...... .. .. .. ..... #.
..... .##. .#


You could see an orc priest and 4 orcs.

Vanquished Creatures
  Natasha (thrice) (D:2)
  2 gnolls (D:3)
  2 adders
  A worm (D:3)
  A dart slug (D:3)
  2 endoplasms
  2 goblins
  3 hobgoblins (D:2)
  2 jackals (D:1)
  3 ball pythons
  3 bats
  2 frilled lizards (D:2)
  3 rats
29 creatures vanquished.

Notes
Turn   | Place    | Note
-------+----------+-------------------------------------------
     0 | D:1      | IdlyInterested the Demonspawn Gladiator began the quest for
                  | the Orb.
     0 | D:1      | Reached XP level 1. HP: 16/16 MP: 1/1
   278 | D:1      | Reached skill level 3 in Long Blades
   282 | D:1      | Gained mutation: You have a pair of small antennae on your
                  | head. [demonic ancestry]
   282 | D:1      | Reached XP level 2. HP: 20/22 MP: 2/2
   457 | D:1      | You fall into a shaft and drop 1 floor!
   804 | D:2      | Found a faded altar of an unknown god.
  1110 | D:2      | Noticed Natasha
  1118 | D:2      | Killed Natasha
  1119 | D:2      | Reached skill level 1 in Armour
  1119 | D:2      | Reached XP level 3. HP: 13/27 MP: 3/3
  1308 | D:2      | Reached skill level 4 in Long Blades
  1319 | D:2      | Noticed Natasha
  1324 | D:2      | Killed Natasha
  1325 | D:2      | Reached XP level 4. HP: 33/33 MP: 4/4
  1707 | D:2      | Noticed Natasha
  1714 | D:2      | Killed Natasha
  1715 | D:2      | Reached skill level 1 in Stealth
  1803 | D:3      | Reached XP level 5. HP: 16/38 MP: 5/5
  1994 | D:3      | Slain by an orc

Illustrated notes

Levels and vault maps discovered:
D:1:      lemuel_arrival_room, layout_basic
D:2:      layout_loops_ring, ebering_ecumenical_altar_mist,
          minmay_stone_trees_small, uniq_natasha
D:3:      layout_basic, hangedman_decor_points,
          nicolae_concentric_dashed_squares_mild, grunt_decor_clamped,
          hangedman_decor_clover_reticule

Skill      XL: |  1  2  3  4 |
---------------+-------------+-----
Long Blades    | 3 4 |  4.7
Throwing       | 2 |  2.0
Armour         | 1 |  1.0
Stealth        | 1 |  1.2
Fighting       | |  2.0
Dodging        | |  2.6

Action                   |  1- 3 |  4- 6 || total
-------------------------+-------+-------++-------
Melee: Long sword        |    73 |    39 ||   112
       Punch             |       |     1 ||     1
  Use: Scroll            |     6 |     2 ||     8
Armor: Leather armour    |     5 |       ||     5
       Scale mail        |    36 |    28 ||    64
Dodge: Dodged            |    62 |    40 ||   102

Table legend: (Time is in decaauts)
 A = Elapsed time spent in this place.
 B = Non-inter-level travel time spent in this place.
 C = Inter-level travel time spent in this place.
 D = Time resting spent in this place.
 E = Time spent auto-exploring this place.
 F = Levels seen in this place.
 G = Mean time per level.
                   A        B        C        D        E       F      G
               +--------+--------+--------+--------+--------+-----+--------+
         Total |   2019 |   1566 |    453 |    120 |   1040 |   3 |  673.0 |
       Dungeon |   2019 |   1566 |    453 |    120 |   1040 |   3 |  673.0 |
               +--------+--------+--------+--------+--------+-----+--------+

Top non-repeatable levels by time:
     D:2: 1274 daAuts
     D:1: 656 daAuts
     D:3: 89 daAuts
